 Dungeon Crawl Stone Soup version 0.30-a0-585-g93115170b9 (webtiles) character file.

Game seed: 15730625643917317460

1654 TrayleKats the Thaumaturge (level 8, -1/41 HPs)
             Began as a Deep Elf Air Elementalist on Jan 2, 2023.
             Slain by an orc warrior
             ... wielding a +0 war axe
              (10 damage)
             ... on level 6 of the Dungeon.
             The game lasted 00:13:32 (6281 turns).

TrayleKats the Thaumaturge (DEAE)                   Turns: 6281, Time: 00:13:32

Health: -1/41      AC:  2    Str:  5    XL:     8   Next: 68%
Magic:  21/23      EV: 12    Int: 26    God:
Gold:   191        SH:  0    Dex: 15    Spells: 16/26 levels left

rFire   . . .      SeeInvis +    y - +3 dagger of Egomania {drain, Int+3}
rCold   . . .      Faith    .    (no shield)
rNeg    . . .      Spirit   .    a - +0 robe
rPois   +          Reflect  .    (no helmet)
rElec   .          Harm     .    (no cloak)
rCorr   .          Rampage  .    (no gloves)
Will    .....                    (no boots)
Stlth   ++                       (no amulet)
HPRegen 0.26/turn                j - ring of poison resistance
MPRegen 0.18/turn                c - ring of see invisible

@: no status effects
A: no striking features
a: no special abilities


You were on level 6 of the Dungeon.
You visited 2 branches of the dungeon, and saw 7 of its levels.

You collected 191 gold pieces.

Inventory:

Hand Weapons
 y - the +3 dagger of Egomania (weapon) {drain, Int+3}
   (You found it on level 5 of the Dungeon)

   A truly terrible weapon, it drains the life of any living foe it strikes.
   Int:       It affects your intelligence (+3).
Armour
 a - a +0 robe (worn)
 g - a +0 buckler
Jewellery
 c - a ring of see invisible (right hand)
 i - a +4 ring of slaying
 j - a ring of poison resistance (left hand)
 u - a +6 ring of strength
 v - a ring of flight
Wands
 s - a wand of polymorph (12)
 w - a wand of digging (5)
Scrolls
 d - a scroll of enchant armour
 e - 2 scrolls of amnesia
 l - 5 scrolls of teleportation
 m - a scroll of immolation
 r - a scroll of brand weapon
 t - 2 scrolls of identify
 x - a scroll of fog {unknown}
Potions
 b - a potion of magic
 f - 2 potions of lignification
 h - 2 potions of curing
 k - a potion of mutation
 n - 5 potions of heal wounds
 o - 2 potions of flight
 p - 2 potions of might {unknown}
 q - a potion of cancellation
 z - a potion of degeneration {unknown}
 A - a potion of resistance {unknown}


   Skills:
 - Level 2.4 Dodging
 - Level 2.4 Stealth
 + Level 9.5 Spellcasting
 + Level 7.6 Conjurations
 - Level 6.0 Air Magic


You had 16 spell levels left.
You knew the following spells:

 Your Spells              Type           Power      Damage    Failure   Level
a - Shock                 Conj/Air       100%       1d9       1%          1
b - Static Discharge      Conj/Air       94%        2-6/arc   1%          2
c - Swiftness             Air            43%        N/A       1%          3
d - Airstrike             Air            21%        2d(4-20)  4%          4

Your spell library contained the following spells:

 Spells                   Type           Power      Damage    Failure   Level
 Kiss of Death            Conj/Necr      100%       2d13      1%          1
 Confusing Touch          Hex            12%        N/A       14%         3
 Inner Flame              Hex/Fire       12%        N/A       14%         3
 Cause Fear               Hex            6%         N/A       43%         4
 Dispel Undead            Necr           12%        3d9       43%         4
 Borgnjor's Revivificati  Necr           6%         N/A       100%        8
 Discord                  Hex            6%         N/A       100%        8
 Necromutation            Tmut/Necr      6%         N/A       100%        8
 Death's Door             Necr           6%         N/A       100%        9


Dungeon Overview and Level Annotations

Branches:
Dungeon (6/15)             Temple (1/1) D:5

Altars:
Dithmenos
Elyvilon
Kikubaaqudgha
Nemelex Xobeh
Okawaru
Ru
Wu Jian
Xom
Zin
The Shining One
Lugonu

Shops:
D:2 :   D:5 *


Message History

You see here a staff of fire.
An orc warrior, an orc priest and an orc come into view.
The orc priest is wielding a +1 hand axe of distortion.
The orc is wielding a +0 dagger of venom.
The orc priest shouts!
Casting: Airstrike (dangerous; 4% risk of failure)
Confirm with . or Enter, or press ? or * to list all spells.
Aiming: Shock (safe; 1% risk of failure)
Press: ? - help, Shift-Dir - straight line The zap hits the orc.
The orc is moderately wounded.
The zap hits the orc priest.
The orc priest is moderately wounded.
The orc warrior shouts!
An orc wizard comes into view. It is wielding a +2 dagger of venom.
Casting: Shock (safe; 1% risk of failure)
Confirm with . or Enter, or press ? or * to list all spells.
Aiming: Shock (safe; 1% risk of failure)
Press: ? - help, Shift-Dir - straight line The zap hits the orc.
You kill the orc!
The zap hits the orc priest.
The orc priest is severely wounded.
The zap hits the orc wizard!
The orc wizard is heavily wounded.
Casting: Shock (safe; 1% risk of failure)
Confirm with . or Enter, or press ? or * to list all spells.
Aiming: Shock (safe; 1% risk of failure)
Press: ? - help, Shift-Dir - straight line The zap misses the orc warrior.
The zap hits the orc priest.
You kill the orc priest!
The orc warrior attacks as you move away!
The orc warrior hits you with a +0 war axe!
You see here a staff of fire.
The orc warrior attacks as you move away!
The orc warrior hits you with a +0 war axe!!
* * * LOW HITPOINT WARNING * * *
Found a potion of curing.
The orc warrior attacks as you move away!
The orc warrior hits you with a +0 war axe!
You die...

#.#.. .#.. ...# # .o) #
#.#.. ########.# .#. .#.
..) #......... ...####..
#o##......... #.).....#
#..|......... #.......#
####o@.......
........#######.........
..#........)...........!
.............##.........
.............##.........
...###..################
##.## #..# .#######.#


You could see an orc warrior and an orc wizard.

Vanquished Creatures
  Grinder (D:3)
  Sigmund (D:3)
  2 black bears
  2 centaurs
  A phantom (D:5)
  A necrophage (D:5)
  2 scorpions
  2 hounds
  A jelly (D:5)
  A gnoll bouda (D:6)
  5 orc priests
  Natasha (thrice) (D:4)
  3 iguanas
  2 orc wizards
  4 gnolls (D:6)
  9 adders
  A shadow imp (D:5)
  An ufetubus (D:5)
  2 worms (D:2)
  A dart slug (D:4)
  19 orcs
  5 ball pythons
  2 endoplasms
  2 giant cockroaches (D:4)
  7 goblins
  8 hobgoblins
  2 jackals (D:2)
  3 quokkas
  3 bats
  2 frilled lizards (D:1)
  5 kobolds
  3 rats
106 creatures vanquished.

Notes
Turn   | Place    | Note
-------+----------+-------------------------------------------
     0 | D:1      | TrayleKats the Deep Elf Air Elementalist began the quest
                  | for the Orb.
     0 | D:1      | Reached XP level 1. HP: 10/10 MP: 6/6
   396 | D:1      | Reached XP level 2. HP: 15/15 MP: 6/8
  1197 | D:2      | Reached XP level 3. HP: 19/19 MP: 6/10
  1211 | D:2      | Learned a level 2 spell: Static Discharge
  1215 | D:2      | Learned a level 3 spell: Swiftness
  1265 | D:2      | You fall into a shaft and drop 2 floors!
  1301 | D:3      | Reached skill level 4 in Spellcasting
  1301 | D:3      | Reached XP level 4. HP: 14/24 MP: 3/12
  1575 | D:2      | Found Houph's Book Emporium.
  1802 | D:3      | Found an ornate altar of the Wu Jian Council.
  1978 | D:3      | Noticed a centaur
  1989 | D:3      | Killed a centaur
  1990 | D:3      | Reached XP level 5. HP: 4/28 MP: 10/14
  2183 | D:3      | Noticed Grinder
  2199 | D:3      | Killed Grinder
  2200 | D:3      | Reached skill level 5 in Spellcasting
  2200 | D:3      | Reached XP level 6. HP: 28/32 MP: 8/16
  2268 | D:3      | Noticed Sigmund
  2577 | D:3      | Learned a level 4 spell: Airstrike
  3105 | D:3      | Killed Sigmund
  3106 | D:3      | Reached skill level 6 in Spellcasting
  3106 | D:3      | Reached skill level 5 in Air Magic
  3106 | D:3      | Reached XP level 7. HP: 36/36 MP: 4/18
  3521 | D:4      | Reached skill level 5 in Conjurations
  3594 | D:4      | Noticed Natasha
  3595 | D:4      | Killed Natasha
  3702 | D:4      | Noticed Natasha
  3703 | D:4      | Killed Natasha
  3814 | D:4      | Noticed Natasha
  3816 | D:4      | Killed Natasha
  3895 | D:4      | Reached skill level 7 in Spellcasting
  4179 | D:4      | Found a glowing silver altar of Zin.
  4319 | D:5      | Entered Level 5 of the Dungeon
  4626 | D:5      | Reached XP level 8. HP: 41/41 MP: 0/21
  4863 | D:5      | Found a staircase to the Ecumenical Temple.
  4870 | D:5      | Identified the +3 dagger of Egomania {drain, Int+3}
  4884 | Temple   | Entered the Ecumenical Temple
  4967 | D:5      | Reached skill level 8 in Spellcasting
  5138 | D:5      | Found a sparkling altar of Nemelex Xobeh.
  5411 | D:5      | Found Wudoutym's Lightly-Used Armoury.
  5848 | D:6      | Reached skill level 9 in Spellcasting
  5989 | D:6      | Found a white marble altar of Elyvilon.
  6281 | D:6      | Slain by an orc warrior

Illustrated notes

Levels and vault maps discovered:
D:1:      shiori_shiawase, layout_loops_ring, minivault_11
D:2:      layout_rooms, serial_shops, shop
D:3:      layout_loops_ring, old_standard_altar, serial_glass, glass_columns_c,
          glass_columns_a, glass_columns_a, glass_columns_a, glass_columns_b,
          glass_columns_b, glass_columns_a, glass_columns_a, glass_columns_a,
          glass_columns_b, chequers_serial_rivers_micro_c,
          minmay_misc_feat_nine_boxes, mrwooster_statue_mirror, uniq_grinder,
          uniq_sigmund
D:4:      layout_rooms, zin_scriptorium, uniq_natasha
D:5:      layout_loops_ring, nemelex_xobeh_ov_fountains_minmay,
          minmay_temple_entry_offerings, minmay_shop_damaged
D:6:      layout_rooms, grunt_temple_overflow_open, lemuel_round_altar,
          minmay_tree_intersection, uniq_crazy_yiuf_cottage
Temple:   corrupted_temple

Skill      XL: |  1  2  3  4  5  6  7  8 |
---------------+-------------------------+-----
Conjurations   | 2 3 4 6 7 |  7.6
Spellcasting   | 4 5 6 7 9 |  9.5
Air Magic      | 4 5 6 |  6.0
Dodging        | |  2.4
Stealth        | |  2.4

Action                   |  1- 3 |  4- 6 |  7- 9 || total
-------------------------+-------+-------+-------++-------
Melee: Unarmed           |     5 |       |       ||     5
       Trident           |     2 |     1 |       ||     3
 Cast: Shock             |    70 |    44 |     9 ||   123
       Static Discharge  |       |     2 |     2 ||     4
       Airstrike         |       |     2 |    76 ||    78
  Use: Scroll            |       |     8 |     3 ||    11
Armor: Robe              |     2 |     2 |     1 ||     5
Dodge: Dodged            |     6 |     9 |     4 ||    19

Table legend: (Time is in decaauts)
 A = Elapsed time spent in this place.
 B = Non-inter-level travel time spent in this place.
 C = Inter-level travel time spent in this place.
 D = Time resting spent in this place.
 E = Time spent auto-exploring this place.
 F = Levels seen in this place.
 G = Mean time per level.
                   A        B        C        D        E       F      G
               +--------+--------+--------+--------+--------+-----+--------+
         Total |   6281 |   5867 |    414 |    203 |   5020 |   7 |  897.3 |
       Dungeon |   6236 |   5832 |    404 |    203 |   4996 |   6 | 1039.3 |
        Temple |     44 |     34 |     10 |      0 |     24 |   1 |   44.0 |
               +--------+--------+--------+--------+--------+-----+--------+

Top non-repeatable levels by time:
     D:5: 1652 daAuts
     D:3: 1602 daAuts
     D:4: 1107 daAuts
     D:1: 833 daAuts
     D:2: 775 daAuts
     D:6: 265 daAuts
  Temple: 44 daAuts
